 Dungeon Crawl Stone Soup version 0.31-a0-344-gd109795599 (webtiles) character file.

Game seed: 17315352183470678618

276 garrulousMonolith the Changeling (level 6, -1/41 HPs)
             Began as an Octopode Shapeshifter on July 21, 2023.
             Slain by a ball python (3 damage)
             ... in a sewer.
             The game lasted 00:02:47 (1726 turns).

garrulousMonolith the Changeling (OpSh)             Turns: 1726, Time: 00:02:48

Health: -1/41      AC:  1    Str: 14 (16) XL:     6   Next: 25%
Magic:  6/6        EV: 10    Int:  9 (10) God:
Gold:   146        SH:  0    Dex: 12 (13) Spells: 5/5 levels left

rFire   . . .        j - +4 spear
rCold   . . .        (no shield)
rNeg    . . .        (helmet currently unavailable)
rPois   .            (no amulet)
rElec   .            (no ring)
rCorr   .            (no ring)
SInv    .            (no ring)
Will    +....        (no ring)
Stlth   +++          (no ring)
HPRegen 0.26/turn    (no ring)
MPRegen 0.10/turn    (no ring)
                     (no ring)

%: no passive effects
@: confused, lethally poisoned (-1 -> -3), beast-form, ambrosia-drunk,
enlightened, flying, constricted
A: beast (slay +2), almost no armour, amphibious, 8 rings, camouflage 1,
gelatinous body 1, nimble swimmer 1, tentacles
a: Begin Untransformation


You were in a sewer.
You were a hulking beast.
You visited 1 branch of the dungeon, and saw 3 of its levels.
You also visited: Sewer.

You collected 146 gold pieces.

Inventory:

Hand Weapons
 j - a +4 spear (weapon)
Missiles
 c - 5 javelins (quivered)
Talismans
 b - a beast talisman
Scrolls
 e - a scroll of amnesia {unknown}
 g - a scroll of immolation {unknown}
 h - 2 scrolls of identify {unknown}
 k - a scroll of revelation {unknown}
Potions
 a - a potion of lignification
 f - a potion of enlightenment
 i - a potion of heal wounds {unknown}
 l - a potion of degeneration
 m - a potion of ambrosia
 n - a potion of mutation {unknown}


   Skills:
 + Level 2.5 Fighting
 + Level 3.1 Dodging
 + Level 3.0 Stealth
 + Level 3.8 Unarmed Combat
 * Level 4.2 Shapeshifting


You had 5 spell levels left.
You didn't know any spells.
Your spell library was empty.

Dungeon Overview and Level Annotations

Branches:
Dungeon (3/15)              Sewer (1/1)

Altars:
Nemelex Xobeh
Vehumet

Shops:
D:1 =   D:3 ?

Annotations:
D:3 Jessica


Innate Abilities, Weirdness & Mutations

You are a hulking beast.
Your limbs bulge with bestial killing power. (Slay +2)
You cannot wear most types of armour.
You are amphibious.
You can wear up to eight rings at the same time.
Your skin changes colour to match your surroundings (Stealth+).
Your rubbery body absorbs attacks. (AC +1, EV +1)
You are camouflaged when in or above water. (Stealth+)
You have tentacles for arms and can constrict up to eight enemies at once.


Message History

* * * LOW HITPOINT WARNING * * *
Your Dodging skill increases to level 3!
Your Stealth skill increases to level 3!
You have reached level 6!
It was a potion of enlightenment.
You feel very buoyant.
You fly up into the air.
You feel sick. The ball python barely misses you.
The ball python constricts you.
* * * LOW HITPOINT WARNING * * *
The adder bites you but does no damage. The bullfrog barely misses you.
The ball python barely misses you. The adder completely misses you.
The frilled lizard misses you. The ball python closely misses you.
The ball python constricts you.
* * * LOW HITPOINT WARNING * * *
It was a potion of degeneration.
There was something very wrong with that liquid.
You feel weakened.
You feel dopey.
You feel clumsy.
You feel sick. The bullfrog barely misses you. The adder bites you.
* * * LOW HITPOINT WARNING * * *
The adder completely misses you.
The ball python bites you but does no damage.
The frilled lizard bites you.
* * * LOW HITPOINT WARNING * * *
The bullfrog misses you. The adder misses you.
The ball python completely misses you. The ball python constricts you.
* * * LOW HITPOINT WARNING * * *
It was a potion of ambrosia.
You are confused.
You feel invigorated.
You feel sick. The adder barely misses you. The bullfrog closely misses you.
The ball python closely misses you. The adder barely misses you.
The ball python misses you. The ball python constricts you.
* * * LOW HITPOINT WARNING * * *
The frilled lizard closely misses you. The adder bites you.
* * * LOW HITPOINT WARNING * * *
It was a potion of magic.
Magic courses through your body.
You feel sick. The bullfrog misses you. The adder bites you.
* * * LOW HITPOINT WARNING * * *
The ball python bites you.
You die...

.## ##### .'..# .#..#
.####
..####################+#
...#~≈≈≈≈≈≈≈≈≈≈≈≈~~....#
...~~~≈≈≈≈≈≈≈≈≈SFl≈~....
...~~~~~≈~≈≈≈≈~ShS#~...
...~~≈~~~~≈≈≈≈~SS≈J~....
...~~≈≈≈~≈~..~#≈~≈≈~....
##.#~≈≈≈≈~~~~~~≈≈~≈#...#
################### ###


You could see a bullfrog, 2 adders, an endoplasm, 3 ball pythons and a frilled
lizard.

Vanquished Creatures
  A bullfrog (Sewer)
  Terence (D:3)
  7 adders
  4 river rats (Sewer)
  A worm (D:2)
  2 dart slugs
  3 endoplasms
  2 giant cockroaches (D:3)
  3 goblins
  2 hobgoblins
  3 jackals
  6 kobolds
  10 quokkas
  9 ball pythons
  5 bats
  8 frilled lizards
  21 rats
88 creatures vanquished.

Notes
Turn   | Place    | Note
-------+----------+-------------------------------------------
     0 | D:1      | garrulousMonolith the Octopode Shapeshifter began the quest
                  | for the Orb.
     0 | D:1      | Reached XP level 1. HP: 13/13 MP: 1/1
   262 | D:1      | Reached XP level 2. HP: 18/18 MP: 2/2
   372 | D:1      | Found Juan's Jewellery Shoppe.
   788 | D:2      | Found a faded altar of an unknown god.
   798 | D:2      | Reached skill level 1 in Stealth
   807 | D:2      | Reached XP level 3. HP: 20/23 MP: 3/3
   976 | D:2      | Found a radiant altar of Vehumet.
  1057 | D:2      | Reached XP level 4. HP: 26/29 MP: 4/4
  1179 | D:3      | Noticed Jessica
  1179 | D:3      | Noticed Terence
  1225 | D:3      | Killed Terence
  1314 | D:3      | Found a sparkling altar of Nemelex Xobeh.
  1340 | D:3      | Found Xoasi's Magic Scroll Shoppe.
  1369 | D:3      | Reached XP level 5. HP: 31/34 MP: 5/5
  1438 | D:3      | Found a glowing drain.
  1453 | Sewer    | Entered a sewer
  1519 | Sewer    | Reached skill level 4 in Shapeshifting
  1723 | Sewer    | Reached XP level 6. HP: 12/41 MP: 6/6
  1726 | Sewer    | HP: 2/41 [adder (4)]
  1726 | Sewer    | Slain by a ball python

Illustrated notes

Levels and vault maps discovered:
D:1:      roderic_chinese_lattice_arrival, layout_basic, serial_shops,
          nicolae_shop_tiny_glass
D:2:      layout_rooms, chequers_ecumenical_altar_simple, basic_altar
D:3:      minmay_door_path, layout_basic, marbit_many_paths,
          mainiacjoe_overflow_alcove_4, gup_sewer_entry_pipe, serial_shops,
          shop_fountains, nicolae_half_adder, uniq_ijyb, uniq_jessica,
          uniq_terence, uniq_crazy_yiuf_cottage
Sewer:    sewer_minmay_w

Skill      XL: |  1  2  3  4  5 |
---------------+----------------+-----
Stealth        | 1 2 3 |  3.0
Fighting       | 2 |  2.5
Shapeshifting  | 4 |  4.2
Dodging        | 3 |  3.1
Unarmed Combat | |  3.8

Action                     |  1- 3 |  4- 6 || total
---------------------------+-------+-------++-------
  Melee: Unarmed           |    41 |       ||    41
         Tentacles         |    11 |    15 ||    26
         Constrict         |    10 |    22 ||    32
         Spear             |     4 |   104 ||   108
         Punch             |       |     2 ||     2
  Throw: Javelin           |     8 |       ||     8
    Use: Potion            |       |     4 ||     4
   Stab: Sleeping          |     5 |    11 ||    16
 Armour: Skin              |     2 |     7 ||     9
  Dodge: Dodged            |    26 |    80 ||   106

Table legend: (Time is in decaauts)
 A = Elapsed time spent in this place.
 B = Non-inter-level travel time spent in this place.
 C = Inter-level travel time spent in this place.
 D = Time resting spent in this place.
 E = Time spent auto-exploring this place.
 F = Levels seen in this place.
 G = Mean time per level.
                   A        B        C        D        E       F      G
               +--------+--------+--------+--------+--------+-----+--------+
         Total |   1737 |   1686 |     51 |    103 |   1039 |   4 |  434.2 |
       Dungeon |   1459 |   1408 |     51 |     54 |    944 |   3 |  486.3 |
         Sewer |    278 |    278 |      0 |     49 |     95 |   1 |  278.0 |
               +--------+--------+--------+--------+--------+-----+--------+

Top non-repeatable levels by time:
     D:1: 790 daAuts
     D:2: 407 daAuts
   Sewer: 278 daAuts
     D:3: 261 daAuts
